MWL (24 & UNDER)
LEE'S SUMMIT TIGERS @ CINCINNATI PRIDE
05/19/2029
 
TOP OF THE 1ST
Lee's Summit Tigers batting - Pitching for Cincinnati Pride : RHP Ben Larsen
Pitching: RHP Ben Larsen
Batting: RHB José Deleón 0-0: Ball
1-0: Ground out 4-3 (Groundball, 4)
Batting: RHB Salvador Rodríguez 0-0: Ball
1-0: Swinging Strike
1-1: Called Strike
1-2: Foul Ball, location: 2F
1-2: Ball
2-2: Strikes out swinging
Batting: LHB José Guerrero 0-0: Ground out 4-3 (Groundball, 4M)
Top of the 1st over - 0 runs, 0 hits, 0 errors, 0 left on base; Lee's Summit 0 - Cincinnati 0
BOTTOM OF THE 1ST
Cincinnati Pride batting - Pitching for Lee's Summit Tigers : RHP Mike Spencer
Pitching: RHP Mike Spencer
Batting: RHB José Casillán 0-0: Ground out 5-3 (Groundball, 5S)
Batting: SHB Jorge Maldonado 0-0: Swinging Strike
0-1: Ball
1-1: Ground out 4-3 (Groundball, 4S)
Batting: LHB John Clark 0-0: Ball
1-0: Ground out 4-3 (Groundball, 4M)
Bottom of the 1st over - 0 runs, 0 hits, 0 errors, 0 left on base; Lee's Summit 0 - Cincinnati 0
TOP OF THE 2ND
Lee's Summit Tigers batting - Pitching for Cincinnati Pride : RHP Ben Larsen
Batting: RHB Mike Harris 0-0: Swinging Strike
0-1: Ball
1-1: Called Strike
1-2: Strikes out swinging
Batting: LHB Terry Neal 0-0: Called Strike
0-1: Ball
1-1: SINGLE (Groundball, 56D)
Batting: RHB Jesús García 0-0: Ball
1-0: Called Strike
1-1: Ball
2-1: Called Strike
2-2: Foul Ball, location: 2F
2-2: Strikes out looking
Batting: SHB Enrique Bartoccini 0-0: Ball
1-0: Fly out, F6 (Popup, 6MS)
Top of the 2nd over - 0 runs, 1 hit, 0 errors, 1 left on base; Lee's Summit 0 - Cincinnati 0
BOTTOM OF THE 2ND
Cincinnati Pride batting - Pitching for Lee's Summit Tigers : RHP Mike Spencer
Batting: LHB Carl Hayden 0-0: Called Strike
0-1: Called Strike
0-2: Foul Ball, location: 2F
0-2: Ball
1-2: Foul Ball, location: 2F
1-2: Ball
2-2: Ball
3-2: Base on Balls
Batting: LHB Will O'Dell 0-0: Called Strike
0-1: SINGLE (Groundball, 4D)
Carl Hayden to second
Runner from 2nd tries for 3rd, SAFE, throw made to third
Batting: RHB Álex Hernández 0-0: Called Strike
0-1: Ball
Will O'Dell steals 2nd base
1-1: Ground out 3-1 (Groundball, 34)
Carl Hayden scores
Will O'Dell to third
Batting: RHB Francisco Domínguez 0-0: Called Strike
0-1: Swinging Strike
0-2: Strikes out swinging
Batting: RHB Toshiki Kokawa 0-0: Ball
1-0: Ball
2-0: Ball
3-0: Base on Balls
Batting: RHB Noah Sturges 0-0: SINGLE (Line Drive, 5D)
Will O'Dell scores
Toshiki Kokawa to second
Batting: RHB José Casillán 0-0: Ball
1-0: Called Strike
1-1: Foul Ball, location: 2F
1-2: Ball
2-2: Strikes out looking
Bottom of the 2nd over - 2 runs, 2 hits, 0 errors, 2 left on base; Lee's Summit 0 - Cincinnati 2
TOP OF THE 3RD
Lee's Summit Tigers batting - Pitching for Cincinnati Pride : RHP Ben Larsen
Batting: SHB José Castillo 0-0: Foul Ball, location: 2F
0-1: Ground out 4-3 (Groundball, 4)
Batting: SHB Jeff Hernández 0-0: Ball
1-0: Called Strike
1-1: Swinging Strike
1-2: Ball
2-2: Ball
3-2: Strikes out swinging
Batting: RHB José Deleón 0-0: Ground out 3-1 (Groundball, 34S)
Top of the 3rd over - 0 runs, 0 hits, 0 errors, 0 left on base; Lee's Summit 0 - Cincinnati 2
BOTTOM OF THE 3RD
Cincinnati Pride batting - Pitching for Lee's Summit Tigers : RHP Mike Spencer
Batting: SHB Jorge Maldonado 0-0: Ball
1-0: Bunt for hit - play at first, batter safe!
Batting: LHB John Clark 0-0: Ball
1-0: Ball
2-0: Called Strike
2-1: Grounds into double play, 6-4-3 (Groundball, 6)
Batting: LHB Carl Hayden 0-0: Swinging Strike
0-1: Ball
1-1: Ball
2-1: Foul Ball, location: 2F
2-2: Foul Ball, location: 2F
2-2: Strikes out swinging
Bottom of the 3rd over - 0 runs, 1 hit, 0 errors, 0 left on base; Lee's Summit 0 - Cincinnati 2
TOP OF THE 4TH
Lee's Summit Tigers batting - Pitching for Cincinnati Pride : RHP Ben Larsen
Batting: RHB Salvador Rodríguez 0-0: Ball
1-0: Called Strike
1-1: Foul Ball, location: 2F
1-2: Foul Ball, location: 2F
1-2: Strikes out swinging
Batting: LHB José Guerrero 0-0: Ball
1-0: Fly out, F8 (Flyball, 8LS)
Batting: RHB Mike Harris 0-0: Ball
1-0: Foul Ball, location: 2F
1-1: Ball
2-1: Foul Ball, location: 2F
2-2: Strikes out swinging
Top of the 4th over - 0 runs, 0 hits, 0 errors, 0 left on base; Lee's Summit 0 - Cincinnati 2
BOTTOM OF THE 4TH
Cincinnati Pride batting - Pitching for Lee's Summit Tigers : RHP Mike Spencer
Batting: LHB Will O'Dell 0-0: Ball
1-0: Ground out 4-3 (Groundball, 4)
Batting: RHB Álex Hernández 0-0: SINGLE (Groundball, 4D)
Batting: RHB Francisco Domínguez 0-0: SINGLE (Groundball, 56) (infield hit)
Álex Hernández to second
Batting: RHB Toshiki Kokawa 0-0: Ball
1-0: Called Strike
1-1: Grounds into double play, U5-3 (Groundball, 5L)
Bottom of the 4th over - 0 runs, 2 hits, 0 errors, 1 left on base; Lee's Summit 0 - Cincinnati 2
TOP OF THE 5TH
Lee's Summit Tigers batting - Pitching for Cincinnati Pride : RHP Ben Larsen
Batting: LHB Terry Neal 0-0: Ball
1-0: Ball
2-0: Ball
3-0: Called Strike
3-1: Ground out 4-3 (Groundball, 4)
Batting: RHB Jesús García 0-0: Ball
1-0: Foul Ball, location: 2F
1-1: Foul Ball, location: 2F
1-2: Strikes out swinging
Batting: SHB Enrique Bartoccini 0-0: Ground out 5-3 (Groundball, 56S)
Top of the 5th over - 0 runs, 0 hits, 0 errors, 0 left on base; Lee's Summit 0 - Cincinnati 2
BOTTOM OF THE 5TH
Cincinnati Pride batting - Pitching for Lee's Summit Tigers : RHP Mike Spencer
Batting: RHB Noah Sturges 0-0: Ball
1-0: Ball
2-0: Foul Ball, location: 2F
2-1: Called Strike
2-2: Ball
3-2: Foul Ball, location: 2F
3-2: Foul Ball, location: 2F
3-2: Strikes out swinging
Batting: RHB José Casillán 0-0: Swinging Strike
0-1: Ball
1-1: Foul Ball, location: 2F
1-2: Foul Ball, location: 2F
1-2: Ball
2-2: Ball
3-2: Base on Balls
Batting: SHB Jorge Maldonado 0-0: Ball
1-0: Called Strike
1-1: Fielders Choice at 2nd, 3-6 (Groundball, 3)
Batting: LHB John Clark 0-0: Ball
1-0: Swinging Strike
1-1: Called Strike
Jorge Maldonado steals 2nd base
1-2: Reached on error, E4 (Groundball, 4D)
Jorge Maldonado scores
Batting: LHB Carl Hayden 0-0: Foul Ball, location: 2F
0-1: Ball
1-1: Ball
2-1: Ball
3-1: Foul Ball, location: 2F
3-2: Base on Balls
Batting: LHB Will O'Dell 0-0: Ground out 4-3 (Groundball, 4)
Bottom of the 5th over - 1 run, 0 hits, 1 error, 2 left on base; Lee's Summit 0 - Cincinnati 3
TOP OF THE 6TH
Lee's Summit Tigers batting - Pitching for Cincinnati Pride : RHP Ben Larsen
Batting: SHB José Castillo 0-0: Ball
1-0: Hit by Pitch
Batting: SHB Jeff Hernández 0-0: Called Strike
0-1: Called Strike
0-2: Strikes out looking
Batting: RHB José Deleón 0-0: Ball
1-0: Ball
2-0: Ball
3-0: Called Strike
3-1: Called Strike
3-2: Strikes out looking
Batting: RHB Salvador Rodríguez 0-0: Called Strike
0-1: Ball
1-1: Swinging Strike
1-2: Ball
2-2: Fly out, F7 (Flyball, 7LMF)
Top of the 6th over - 0 runs, 0 hits, 0 errors, 1 left on base; Lee's Summit 0 - Cincinnati 3
BOTTOM OF THE 6TH
Cincinnati Pride batting - Pitching for Lee's Summit Tigers : RHP Mike Spencer
Batting: RHB Álex Hernández 0-0: Foul Ball, location: 2F
0-1: Swinging Strike
0-2: Ball
1-2: DOUBLE (Line Drive, 9LM)
Batting: RHB Francisco Domínguez 0-0: Called Strike
0-1: Ground out 4-3 (Groundball, 4)
Álex Hernández to third
Batting: RHB Toshiki Kokawa 0-0: Ball
1-0: Ball
2-0: Called Strike
2-1: Fly out, F8 (Flyball, 8RM)
Runner from 3rd tags up, SCORES, throw made
Batting: RHB Noah Sturges 0-0: Called Strike
0-1: Ball
1-1: Reached on error, E6 (Groundball, 6)
Batting: RHB José Casillán 0-0: Ball
1-0: Ball
2-0: Ball
3-0: Called Strike
3-1: Foul Ball, location: 2F
3-2: SINGLE (Line Drive, 34D)
Noah Sturges to second
Noah Sturges to third
Batting: SHB Jorge Maldonado 0-0: Swinging Strike
0-1: Swinging Strike
0-2: SINGLE (Flyball, 7LS)
Noah Sturges scores
José Casillán to second
Runner from 2nd tries for 3rd, SAFE, throw made to third
Batting: LHB John Clark 0-0: Called Strike
0-1: Ball
1-1: Ball
2-1: Foul Ball, location: 2F
2-2: SINGLE (Groundball, 34D)
José Casillán scores
Jorge Maldonado to second
Runner from 2nd tries for 3rd, SAFE, no throw
Batting: LHB Carl Hayden 0-0: Foul Ball, location: 2F
0-1: Ball
1-1: Ball
2-1: Foul Ball, location: 2F
2-2: Ball
3-2: SINGLE (Line Drive, 4M)
Jorge Maldonado scores
John Clark to second
John Clark to third
Batting: LHB Will O'Dell 0-0: Ball
1-0: Ball
2-0: Ball
3-0: Called Strike
3-1: Base on Balls
Carl Hayden to second
Pitching: LHP Germán Duarte
Batting: RHB Álex Hernández 0-0: Foul Ball, location: 2F
0-1: SINGLE (Line Drive, 34D)
John Clark scores
Carl Hayden to third
Will O'Dell to second
Runner from 3rd tries for Home, throw and OUT!
Bottom of the 6th over - 5 runs, 6 hits, 1 error, 2 left on base; Lee's Summit 0 - Cincinnati 8
TOP OF THE 7TH
Lee's Summit Tigers batting - Pitching for Cincinnati Pride : RHP Ben Larsen
Batting: LHB José Guerrero 0-0: Called Strike
0-1: Reached on error, E4 (Groundball, 4M)
Batting: RHB Mike Harris 0-0: Ball
1-0: Swinging Strike
1-1: Ball
2-1: Swinging Strike
2-2: Strikes out swinging
Batting: LHB Terry Neal 0-0: Called Strike
0-1: Ball
1-1: Ball
2-1: Foul Ball, location: 2F
2-2: Strikes out swinging
Batting: RHB Jesús García 0-0: Ball
1-0: Foul Ball, location: 2F
1-1: Ball
2-1: Fly out, F8 (Flyball, 78D)
Top of the 7th over - 0 runs, 0 hits, 1 error, 1 left on base; Lee's Summit 0 - Cincinnati 8
BOTTOM OF THE 7TH
Cincinnati Pride batting - Pitching for Lee's Summit Tigers : LHP Germán Duarte
Batting: RHB Francisco Domínguez 0-0: Fly out, F9 (Flyball, 9S)
Batting: RHB Toshiki Kokawa 0-0: Called Strike
0-1: Swinging Strike
0-2: Ball
1-2: Ball
2-2: Foul Ball, location: 2F
2-2: Strikes out swinging
Batting: RHB Noah Sturges 0-0: Called Strike
0-1: Ball
1-1: Ball
2-1: Foul Ball, location: 2F
2-2: Ball
3-2: Foul Ball, location: 2F
3-2: Strikes out looking
Bottom of the 7th over - 0 runs, 0 hits, 0 errors, 0 left on base; Lee's Summit 0 - Cincinnati 8
TOP OF THE 8TH
Lee's Summit Tigers batting - Pitching for Cincinnati Pride : RHP Ben Larsen
Batting: SHB Enrique Bartoccini 0-0: Ball
1-0: Foul Ball, location: 2F
1-1: Ball
2-1: Called Strike
2-2: Ball
3-2: Foul Ball, location: 2F
3-2: Base on Balls
Batting: SHB José Castillo 0-0: Ball
1-0: Ball
2-0: Grounds into double play, 4-6-3 (Groundball, 4)
Batting: SHB Jeff Hernández 0-0: Ball
1-0: Foul Ball, location: 2F
1-1: Foul Ball, location: 2F
1-2: Ball
2-2: Ball
3-2: Fly out, F7 (Flyball, 7S)
Top of the 8th over - 0 runs, 0 hits, 0 errors, 0 left on base; Lee's Summit 0 - Cincinnati 8
BOTTOM OF THE 8TH
Cincinnati Pride batting - Pitching for Lee's Summit Tigers : LHP Germán Duarte
Batting: RHB José Casillán 0-0: Called Strike
0-1: Ball
1-1: Foul Ball, location: 2F
1-2: Strikes out swinging
Batting: SHB Jorge Maldonado 0-0: Swinging Strike
0-1: Foul Ball, location: 2F
0-2: Foul Ball, location: 2F
0-2: Strikes out swinging
Batting: LHB John Clark 0-0: Ball
1-0: Called Strike
1-1: Ball
2-1: DOUBLE (Flyball, 8RXD)
Batting: LHB Carl Hayden 0-0: Ball
1-0: Called Strike
1-1: Foul Ball, location: 2F
1-2: DOUBLE (Line Drive, 78D)
John Clark scores
Batting: LHB Will O'Dell 0-0: Ball
1-0: Foul Ball, location: 2F
1-1: Ball
2-1: Swinging Strike
2-2: Foul Ball, location: 2F
2-2: Foul Ball, location: 2F
2-2: Foul Ball, location: 2F
2-2: Fly out, F8 (Flyball, 8RM)
Bottom of the 8th over - 1 run, 2 hits, 0 errors, 1 left on base; Lee's Summit 0 - Cincinnati 9
TOP OF THE 9TH
Lee's Summit Tigers batting - Pitching for Cincinnati Pride : RHP Ben Larsen
Now in LF: Jaime Martínez
Batting: RHB José Deleón 0-0: Ball
1-0: SINGLE (Line Drive, 7S)
Batting: RHB Salvador Rodríguez 0-0: Called Strike
0-1: Ball
1-1: Swinging Strike
1-2: SINGLE (Groundball, 34D)
José Deleón to second
Batting: LHB José Guerrero 0-0: Fielders Choice at 2nd, 5-4 (Groundball, 5)
José Deleón to third
Batting: RHB Mike Harris 0-0: Called Strike
0-1: Ball
1-1: Ball
2-1: Ball
3-1: Called Strike
3-2: Base on Balls
José Guerrero to second
Batting: LHB Terry Neal 0-0: Foul Ball, location: 2F
0-1: Ball
1-1: Swinging Strike
1-2: Strikes out swinging
Batting: RHB Jesús García 0-0: Ball
1-0: Called Strike
1-1: Fielders Choice at 2nd, 5-4 (Groundball, 56)
Top of the 9th over - 0 runs, 2 hits, 0 errors, 3 left on base; Lee's Summit 0 - Cincinnati 9
Saturday, December 16th, 2017 - OOTP Baseball 18.8 Build 76